 Dungeon Crawl Stone Soup version 0.27.1 (webtiles) character file.

Game seed: 3722324095461987847

40728 nxtlvl the Brawler (level 13, -5/123 (133) HPs)
             Began as a Troll Abyssal Knight on Aug 31, 2021.
             Was a High Priest of Lugonu.
             Killed from afar by a necromancer (25 damage)
             ... with a bolt of negative energy
             ... in a Gauntlet.
             The game lasted 01:11:02 (5832 turns).

nxtlvl the Brawler (Troll Abyssal Knight)           Turns: 5832, Time: 01:11:03

HP:   -5/123 (133)  AC: 11    Str: 23    XL:     13   Next: 76%
MP:   19/19         EV: 10    Int:  8    God:    Lugonu [*****.]
Gold: 1992          SH: 16    Dex: 13    Spells: 12/12 levels left

rFire    . . .     SeeInvis .     - Unarmed
rCold    . . .     Faith    .   b - +0 kite shield
rNeg     . . .     Spirit   .   a - +0 troll leather armour
rPois    .         Reflect  +   (helmet restricted)
rElec    .         Harm     .   c - +0 cloak
rCorr    .         Rampage  .   (gloves unavailable)
Will     +....     NoTele   +   (boots unavailable)
Stlth    +.........             z - amulet of reflection
HPRegen  2.30/turn              p - +4 ring of protection
MPRegen  0.16/turn              o - ring of willpower

@: hasted, drained, very quick
A: large, unfitting armour, claws 3, regeneration 1, shaggy fur 1, tough skin 1
a: Renounce Religion, Depart the Abyss, Bend Space, Banish, Corrupt, Enter the
Abyss


You were in a Gauntlet.
You worshipped Lugonu.
Lugonu was extremely pleased with you.
You visited 3 branches of the dungeon, and saw 17 of its levels.
You visited the Abyss 1 time.
You also visited: Sewer, Ossuary, Bailey and Gauntlet.

You collected 2152 gold pieces.
You spent 160 gold pieces at shops.

Inventory:

Missiles
 e - 3 javelins
 m - 9 curare-tipped darts
 w - 19 poisoned darts
 K - 37 boomerangs
 L - 4 boomerangs of dispersal
Armour
 a - a +0 troll leather armour (worn)
 b - a +0 kite shield (worn)
 c - a +0 cloak (worn)
Magical Staves
 s - a staff of fire
 D - a staff of cold
 J - a staff of air
Jewellery
 o - a ring of willpower (right claw)
 p - a +4 ring of protection (left claw)
 z - an amulet of reflection (around neck)
 O - a ring of protection from fire
 P - a ring of magical power
 Z - an amulet of guardian spirit
Wands
 d - a wand of flame (23)
 x - a wand of polymorph (10)
 H - a wand of acid (9)
 I - a wand of paralysis (10)
Scrolls
 f - 7 scrolls of immolation
 h - 4 scrolls of fear
 i - a scroll of magic mapping
 j - 4 scrolls of teleportation
 k - a scroll of enchant armour
 n - 5 scrolls of fog
 r - 2 scrolls of vulnerability {unknown}
 v - 2 scrolls of blinking {unknown}
 A - a scroll of summoning {unknown}
 E - a scroll of enchant weapon {unknown}
Potions
 g - 3 potions of haste
 l - a potion of magic
 q - 4 potions of curing {unknown}
 t - 4 potions of mutation
 u - 4 potions of flight
 y - 5 potions of heal wounds {unknown}
 B - 3 potions of attraction {unknown}
 C - 2 potions of resistance
 F - 2 potions of brilliance {unknown}
 M - a potion of might {unknown}
 N - a potion of lignification {unknown}
Miscellaneous
 G - a phantom mirror


   Skills:
 + Level 10.2 Fighting
 + Level 2.4 Dodging
 - Level 9.0 Shields
 + Level 15.5 Unarmed Combat
 + Level 10.1 Invocations


You had 12 spell levels left.
You didn't know any spells.
Your spell library contained the following spells:

 Spells                   Type           Power      Damage    Failure   Level
 Conjure Flame            Conj/Fire      0%         6-21      83%         3
 Ignite Poison            Fire/Tmut/Pois 0%         N/A       83%         3
 Mephitic Cloud           Conj/Pois/Air  0%         N/A       83%         3
 Leda's Liquefaction      Hex/Erth       0%         N/A       99%         4
 Sticky Flame             Conj/Fire      0%         2d3       99%         4
 Bolt of Magma            Conj/Fire/Erth 0%         4d4       100%        5
 Statue Form              Tmut/Erth      0%         N/A       100%        6


Dungeon Overview and Level Annotations

Branches:
Dungeon (11/15)              Lair (4/6) D:9           Snake (0/4) Lair:2
    Orc (2/2) D:10            Elf (0/3) Orc:2         Sewer (visited)
Ossuary (visited)          Bailey (visited)         Gauntlet (1/1)
 Temple: D:4-7        Swamp: Lair:2-4    Shoals: Lair:2-4

Altars:
Elyvilon
Makhleb
Okawaru
Zin
Beogh

Shops:
Orc:2 (:[*

Annotations:
Orc:1 3 runed translucent doors, Woudghou's ghost, journeyman VSEn
Abyss:1 Harold; Maggie Gauntlet 11 transporters, 2 runed translucent doors


Innate Abilities, Weirdness & Mutations

You are too large for most types of armour.
You have claws for hands.
Your natural rate of healing is unusually fast.
You are covered in fur. (AC +1)
You have tough skin. (AC +1)


Message History

The necromancer binds the souls of nearby monsters.
You see here a wolf corpse.
You closely miss the necromancer.
The necromancer casts a spell.
The necromancer binds the souls of nearby monsters.
You completely miss the necromancer.
The necromancer points at you and mumbles some strange words.
Your body is wracked with pain!
You mangle the necromancer!!
The necromancer is heavily wounded.
The necromancer casts a spell.
The necromancer binds the souls of nearby monsters.
You miss the necromancer.
The necromancer is heavily wounded.
You claw the necromancer!
The necromancer is severely wounded.
You block the necromancer's attack.
You barely miss the necromancer.
The necromancer is severely wounded.
The necromancer gestures at you while chanting.
You easily resist.
You closely miss the necromancer.
The necromancer is severely wounded.
You claw the necromancer!
The necromancer is almost dead.
The necromancer casts a spell at you.
Your body is wracked with pain!
You scratch the necromancer.
The necromancer is almost dead.
The necromancer casts a spell.
The necromancer binds the souls of nearby monsters.
You scratch the necromancer.
The necromancer is almost dead.
The necromancer points at you and mumbles some strange words.
The bolt of negative energy hits you!!
You feel drained.
* * * LOW HITPOINT WARNING * * *
You feel yourself speed up.
The necromancer gestures at you while chanting.
The bolt of negative energy hits you!!
You feel drained.
You die...

......yy#..≈#
#.#.#.#y#..############
.#.#.#yy#..≈#≈#§#≈#≈#≈##
#.#.#^#y#.∩...........≈#
.#^©.#.y#......©......##
#.#.#.#.#..#########..≈#
.#^#^#^.#..#....##.#..##
#.#.#.#.#..##hh##..#..≈#
.=!©....#..###h#@.†#..##
#########..#.##p##©#..≈#
..#©#......#..h#.###..##
..#©#......#..##..##..≈#
####### ..#.##©?.:#..##


yh..... ..#########..≈# ....... .....#©#.....## ####### .....#©#.....≈# .#.#.#.
.#########.§## You could see a necromancer and 3 wolves.

Vanquished Creatures
  A boulder beetle (D:9)
  A two-headed ogre (Orc:2)
  3 death yaks (D:9)
  5 orc high priests (Orc:2)
  Nergalle (D:10)
  A bog body (Lair:2)
  3 orc knights
  A deep elf pyromancer (D:9)
  3 orc sorcerers (Orc:2)
  2 black mambas (Lair:2)
  A torpor snail (Lair:2)
  2 cane toads (Lair:2)
  A kobold demonologist (Bailey)
  A rime drake (Lair:2)
  4 komodo dragons
  7 trolls
  A meliai (D:9)
  A hornet (D:9)
  A blink frog (shapeshifter) (D:9)
  4 dream sheep (Lair:2)
  A shadow (D:9)
  2 wyverns
  2 basilisks (Lair:2)
  21 yaks
  A warg (Orc:1)
  3 nagas (Lair:2)
  2 swamp worms (Lair:2)
  7 water moccasins
  42 orc warriors
  A sky beast (D:6)
  6 ogres
  5 wolves
  2 centaurs
  3 kobold brigands
  9 bullfrogs
  A scorpion (D:4)
  11 killer bees
  9 electric eels
  2 howler monkeys
  3 centaur zombies
  A bullfrog zombie (D:6)
  A human zombie (D:6)
  2 jellies
  A gnoll shaman (D:5)
  A centaur skeleton (D:7)
  23 orc priests
  An iguana (D:4)
  27 orc wizards
  7 hell rats (Lair:2)
  3 mummies (Ossuary)
  5 gnolls
  An adder (Sewer)
  3 river rats (Sewer)
  An ufetubus (D:5)
  3 adder zombies (Ossuary)
  An adder skeleton (D:4)
  4 worms (Sewer)
  78 orcs
  2 endoplasms
  A giant cockroach (D:4)
  9 hobgoblins
  2 jackals (D:1)
  9 kobolds
  A quokka (D:5)
  7 ball pythons
  2 bats (D:1)
  A gnoll zombie (Ossuary)
  19 goblins
  A goblin zombie (Ossuary)
  3 hobgoblin zombies (Ossuary)
  4 kobold zombies (Ossuary)
  3 quokka zombies (Ossuary)
  4 rats
  3 rat zombies (Ossuary)
411 creatures vanquished.

Vanquished Creatures (others)
  5 demonic plants (Gauntlet)
  3 fungi
  12 plants
20 creatures vanquished.

Grand Total: 431 creatures vanquished

Notes
Turn   | Place    | Note
-------+----------+-------------------------------------------
     0 | Abyss:1  | nxtlvl the Troll Abyssal Knight began the quest for the
                  | Orb.
     0 | Abyss:1  | Reached XP level 1. HP: 22/22 MP: 1/1
    74 | Abyss:1  | Noticed a shadow dragon zombie
    77 | Abyss:1  | Noticed a large abomination
    82 | D:1      | Escaped the Abyss
   124 | D:1      | Reached * piety under Lugonu
   138 | D:1      | Reached XP level 2. HP: 29/29 MP: 2/2
   174 | D:3      | Found a burning altar of Makhleb.
   218 | D:4      | Reached skill level 3 in Unarmed Combat
   241 | D:4      | Reached XP level 3. HP: 18/36 MP: 3/3
   317 | D:4      | Noticed a scorpion
   324 | D:4      | Found a glowing drain.
   338 | D:5      | Entered Level 5 of the Dungeon
   341 | D:5      | Reached skill level 4 in Unarmed Combat
   396 | D:5      | Identified the +3 buckler of Tender Moments {rN+ Dex+4
                  | Slay+3}
   411 | D:5      | Reached XP level 4. HP: 41/44 MP: 4/4
   431 | D:5      | Reached skill level 5 in Unarmed Combat
   431 | D:5      | Reached XP level 5. HP: 50/50 MP: 5/5
   494 | D:4      | Reached skill level 6 in Unarmed Combat
   513 | Sewer    | Entered a sewer
   573 | Sewer    | Reached ** piety under Lugonu
   576 | Sewer    | Reached XP level 6. HP: 59/59 MP: 6/6
   798 | D:6      | Found a sand-covered staircase.
   815 | D:6      | Reached skill level 7 in Unarmed Combat
   819 | Ossuary  | Entered an ossuary
   973 | Ossuary  | Reached skill level 5 in Fighting
   973 | Ossuary  | Reached skill level 11 in Unarmed Combat
   973 | Ossuary  | Reached skill level 5 in Invocations
   973 | Ossuary  | Reached XP level 7. HP: 74/74 MP: 6/10
   974 | Ossuary  | Reached skill level 12 in Unarmed Combat
   974 | Ossuary  | Reached XP level 8. HP: 84/84 MP: 6/12
   975 | Ossuary  | Reached skill level 13 in Unarmed Combat
   975 | Ossuary  | Reached XP level 9. HP: 96/96 MP: 6/13
  1003 | D:6      | Reached *** piety under Lugonu
  1320 | D:8      | Found a white marble altar of Elyvilon.
  1378 | D:8      | Reached XP level 10. HP: 95/104 MP: 14/14
  1433 | D:8      | Noticed Harold
  1434 | D:8      | Banished Harold
  1435 | D:8      | Reached skill level 1 in Shields
  1435 | D:8      | Reached skill level 14 in Unarmed Combat
  1440 | D:8      | Found a transporter.
  1464 | D:8      | Found a transporter.
  1691 | D:8      | Noticed a two-headed ogre
  1699 | D:9      | Noticed a death yak
  1699 | D:9      | Noticed a death yak
  1699 | D:9      | Found a flagged portal.
  1711 | D:8      | Noticed a two-headed ogre
  1812 | D:9      | Noticed a deep elf pyromancer
  1818 | D:9      | Killed a deep elf pyromancer
  1909 | D:9      | Noticed a cyan ugly thing
  1910 | D:9      | Banished a cyan ugly thing
  1911 | D:9      | Noticed a green ugly thing
  1912 | D:9      | Banished a green ugly thing
  1952 | D:9      | Noticed a boulder beetle
  1955 | D:9      | Found a staircase to the Lair.
  1960 | D:9      | Noticed a death yak
  1990 | Bailey   | Entered a bailey
  2037 | Bailey   | Found an iron altar of Okawaru.
  2056 | Bailey   | Reached XP level 11. HP: 102/113 MP: 15/15
  2061 | Bailey   | Noticed a soul eater
  2126 | Bailey   | Reached **** piety under Lugonu
  2127 | Bailey   | Acquired 877 gold pieces
  2129 | Bailey   | Acquired an amulet of reflection
  2256 | Bailey   | Noticed an orc knight
  2258 | Bailey   | Banished an orc knight
  2294 | Bailey   | Noticed an orc knight
  2304 | Bailey   | Killed an orc knight
  2468 | D:9      | Noticed an eight-headed hydra
  2566 | D:9      | Killed a boulder beetle
  2568 | D:9      | Noticed a six-headed hydra
  2618 | D:9      | Banished a six-headed hydra
  2677 | D:9      | Identified the +2 mace of Midsummer {elec, Fragile Int+3
                  | SInv Stlth+}
  2713 | D:9      | Noticed a seven-headed hydra
  2734 | D:9      | Noticed a tengu warrior
  2735 | D:9      | Banished a tengu warrior
  2736 | D:9      | Reached skill level 5 in Shields
  2772 | D:10     | Entered Level 10 of the Dungeon
  2888 | D:10     | Noticed Nergalle
  2912 | D:10     | Killed Nergalle
  2965 | D:10     | Found an iron altar of Okawaru.
  3018 | D:9      | Killed a death yak
  3118 | D:10     | Found a glowing silver altar of Zin.
  3326 | D:10     | Noticed an orc knight
  3338 | D:10     | Banished an orc knight
  3339 | D:10     | Reached XP level 12. HP: 123/123 MP: 12/17
  3403 | D:10     | Found a staircase to the Orcish Mines.
  3411 | Orc:1    | Entered Level 1 of the Orcish Mines
  3456 | Orc:1    | Found a runed translucent gate.
  3457 | Orc:1    | Found a runed translucent gate.
  3457 | Orc:1    | Found a runed translucent gate.
  3457 | Orc:1    | Noticed Woudghou's ghost (journeyman VSEn)
  3525 | Orc:2    | Entered Level 2 of the Orcish Mines
  3609 | Orc:1    | Reached ***** piety under Lugonu
  3723 | Orc:2    | Noticed an orc high priest
  3763 | Orc:2    | Killed an orc high priest
  4006 | Orc:2    | Found a staircase to the Elven Halls.
  4019 | Orc:2    | Noticed a two-headed ogre
  4032 | Orc:2    | Killed a two-headed ogre
  4050 | Orc:2    | Noticed an orc high priest
  4110 | Orc:2    | Killed an orc high priest
  4117 | Orc:2    | Paralysed by an orc sorcerer for 7 turns
  4124 | Orc:2    | Noticed an orc warlord
  4172 | Orc:2    | Banished an orc warlord
  4249 | Orc:2    | Reached skill level 15 in Unarmed Combat
  4289 | Orc:2    | Noticed an orc high priest
  4312 | Orc:2    | Killed an orc high priest
  4408 | Orc:2    | Reached XP level 13. HP: 108/128 MP: 19/19
  4459 | Orc:2    | Found Ajitaum's Antique Armour Emporium.
  4559 | Orc:2    | Found Izuesuth's General Store.
  4559 | Orc:2    | Found Nuaps's Book Emporium.
  4560 | Orc:2    | Found Oreaddibi's Antique Weapon Shoppe.
  4576 | Orc:2    | Bought a potion of resistance for 160 gold pieces
  4754 | Orc:1    | Noticed an orc warlord
  4930 | Lair:1   | Entered Level 1 of the Lair of Beasts
  5061 | Lair:2   | Reached skill level 10 in Fighting
  5061 | Lair:2   | Found a staircase to the Snake Pit.
  5095 | Lair:2   | Noticed Maggie
  5096 | Lair:2   | Banished Maggie
  5546 | Lair:2   | Reached skill level 10 in Invocations
  5677 | Lair:4   | Found a gate leading to a gauntlet.
  5688 | Gauntlet | Entered a Gauntlet
  5688 | Gauntlet | Found a transporter.
  5688 | Gauntlet | Found a transporter.
  5688 | Gauntlet | Found a transporter.
  5698 | Gauntlet | Found a transporter.
  5702 | Gauntlet | Found a transporter.
  5712 | Gauntlet | Found a transporter.
  5715 | Gauntlet | Found a transporter.
  5719 | Gauntlet | Found a runed translucent door.
  5721 | Gauntlet | Found a runed translucent door.
  5724 | Gauntlet | Found a transporter.
  5742 | Gauntlet | Found a transporter.
  5759 | Gauntlet | Found a transporter.
  5762 | Gauntlet | Found a transporter.
  5773 | Gauntlet | Found a transporter.
  5832 | Gauntlet | Killed from afar by a necromancer

Illustrated notes

Levels and vault maps discovered:
D:1:      erik_arrival_triangle_medium, layout_rooms, serial_shops,
          nicolae_shop_temple_entry_statues_fountains, moated_statue,
          kennysheep_another_room, chequers_big_river
D:2:      layout_loops_cross, dreamdust_ecumenical_altar_hidden_monk_grotto
D:3:      layout_basic, mainiacjoe_overflow_cross_hatched,
          minmay_misc_feat_alley, serial_park_tiny_pond
D:4:      layout_basic, serial_forest, infiniplex_forest_end_1,
          infiniplex_forest_straight_2, infiniplex_forest_lined_room_2,
          infiniplex_forest_straight_2, cheibrodos_sewer_entry_drain,
          minmay_joined_circles, uniq_natasha
D:5:      layout_basic, mainiacjoe_overflow_small_starburst,
          minmay_temple_entry_grid, uniq_prince_ribbit1
D:6:      layout_basic, enter_ossuary_3, minmay_small_thing, uniq_blork_the_orc
D:7:      minmay_blocky_corners, layout_basic
D:8:      gammafunk_steamed_eel, layout_loops_corners,
          mainiacjoe_overflow_brackets, grunt_tough_drop, uniq_harold
D:9:      minmay_the_grid_net [minmay_the_grid_zigzag_pyramid,
          minmay_the_grid_spikes, minmay_the_grid_minigrid_small_alt,
          minmay_the_grid_spin_star, minmay_the_grid_empty,
          minmay_the_grid_prize_four_corners], layout_cave_pods,
          nicolae_wu_jian_wuxing_cycle, dpeg_lair_monsters, enter_bailey_5,
          blue_anna_alchemist
D:10:     layout_irregular_city, mainiacjoe_overflow_tiny_flanked,
          old_standard_altar, grunt_temple_overflow_open, david_orc_5,
          uniq_nergalle
D:11:     layout_cave_pods
Lair:1:   layout_cave_pods, serial_bayou_shore_b, grunt_megastairs_2,
          uniq_gastronok
Lair:2:   layout_small_grid, nicolae_swamp_entry_splash_gauntlet,
          guppyfry_snake_entry_garden, infiniplex_staircase_pool_2, uniq_maggie,
          uniq_sonja
Lair:3:   layout_cave_pods, eino_small_chamber_without_monster,
          serial_bayou_lagoon_a
Lair:4:   layout_cave_pods, gauntlet_entry_generic, lemuel_fruit_fields,
          grunt_megastairs_1
Orc:1:    layout_caves, gammafunk_ghost_split
Orc:2:    st_orc_congregation, layout_caves
Gauntlet: minmay_gauntlet_mixed_big_or_small [gammafunk_gauntlet_arena_grid,
          minmay_gauntlet_arena_77_fan, gammafunk_gauntlet_arena_teeth,
          minmay_gauntlet_arena_77_braids, gammafunk_gauntlet_arena_mazey,
          minmay_gauntlet_arena_77_cramped, gauntlet_exit_spiral]

Skill      XL: |  1  2  3  4  5  6  7  8  9 10 11 12 13 |
---------------+----------------------------------------+-----
Unarmed Combat | 3 4 5 6 11 12 13 14 15 | 15.5
Fighting       | 5 6 7 8 9 10 | 10.2
Invocations    | 5 7 8 9 10 | 10.1
Shields        | 3 6 7 9 |  9.0
Dodging        | 2 |  2.4

Action                   |  1- 3 |  4- 6 |  7- 9 | 10-12 | 13-15 || total
-------------------------+-------+-------+-------+-------+-------++-------
Melee: Unarmed           |    59 |   144 |    22 |   695 |   314 ||  1234
       Punch             |     3 |     7 |     2 |       |       ||    12
Invok: Depart the Abyss  |     1 |       |       |       |       ||     1
       Banish            |       |       |       |    17 |     8 ||    25
Evoke: Wand              |       |       |       |    15 |     1 ||    16
  Use: Scroll            |       |     2 |     2 |     9 |     2 ||    15
       Potion            |       |     1 |     2 |       |     1 ||     4
Armor: Robe              |    17 |    36 |    12 |    69 |       ||   134
       Troll leather arm |       |       |       |    72 |    73 ||   145
Dodge: Dodged            |    22 |    53 |     9 |   152 |    54 ||   290
Block: Kite shield       |       |       |     3 |   398 |   207 ||   608
       Reflection        |       |       |       |    12 |     3 ||    15
